 Seeded DCSS version 0.28-a0-769-g550dbda0cd (webtiles) character file.

Game seed: 20211030 (custom seed)

2 a11behringer the Skirmisher (level 1, 0/14 HPs)
             Began as a Gargoyle Fighter on Nov 1, 2021.
             Constricted to death by a ball python (1 damage)
             ... on level 1 of the Dungeon.
             The game lasted 00:00:24 (28 turns).

a11behringer the Skirmisher (Gargoyle Fighter)        Turns: 28, Time: 00:00:25

Health: 0/14       AC:  9    Str: 19    XL:     1   Next: 40%
Magic:  1/1        EV:  6    Int:  8    God:
Gold:   0          SH:  4    Dex:  9    Spells: 0/0 levels left

rFire   . . .      SeeInvis .   a - +0 flail
rCold   . . .      Faith    .   c - +0 buckler
rNeg    + . .      Spirit   .   b - +0 scale mail
rPois   ∞          Reflect  .   (no helmet)
rElec   +          Harm     .   (no cloak)
rCorr   .          Rampage  .   (no gloves)
Will    .....                   (no boots)
Stlth   ..........              (no amulet)
HPRegen 0.04/turn               (no ring)
MPRegen 0.07/turn               (no ring)

@: constricted
A: sickness immunity, AC +2, negative energy resistance 1, electricity
resistance, torment resistance 1, petrification resistance
a: no special abilities


You were on level 1 of the Dungeon.
You visited 1 branch of the dungeon, and saw 1 of its levels.

Inventory:

Hand Weapons
 a - a +0 flail (weapon)
Armour
 b - a +0 scale mail (worn)
 c - a +0 buckler (worn)
Potions
 d - a potion of might


   Skills:
 + Level 3.3 Fighting
 * Level 2.0 Maces & Flails
 + Level 3.3 Armour
 + Level 3.3 Shields


You couldn't memorise any spells.
You didn't know any spells.
Your spell library was empty.

Dungeon Overview and Level Annotations

Branches:
Dungeon (1/15)

Altars:


Innate Abilities, Weirdness & Mutations

You are immune to sickness and miasma.
Your stone body is resilient. (AC +2)
You are immune to poison.
You resist negative energy. (rN+)
You are resistant to electric shocks. (rElec)
You are resistant to unholy torment.
You are immune to petrification.


Message History

An endoplasm is nearby!
A rat comes into view.
A kobold comes into view. It is wielding a +0 club.
A ball python comes into view.
The ball python hisses angrily.
The endoplasm hits you but does no damage.
The rat barely misses you. The endoplasm barely misses you.
You thump the rat!
You kill the rat!
The ball python bites you but does no damage.
The ball python grabs you. The ball python constricts you.
The endoplasm barely misses you.
You hit the kobold.
You kill the kobold!
The ball python bites you but does no damage.
The ball python constricts you. The endoplasm freezes you.
You are frozen.
You block the ball python's attack. The ball python constricts you.
You hit the endoplasm.
You kill the endoplasm!
The ball python bites you but does no damage.
The ball python constricts you.
You escape the ball python's grasp.
The ball python bites you but does no damage.
The ball python barely misses you.
The ball python bites you but does no damage.
The ball python barely misses you.
You barely miss the ball python. The ball python bites you.
The ball python grabs you. The ball python constricts you.
The ball python bites you.
* * * LOW HITPOINT WARNING * * *
The ball python constricts you.
* * * LOW HITPOINT WARNING * * *
You hit the ball python.
The ball python is severely wounded.
The ball python bites you.
* * * LOW HITPOINT WARNING * * *
The ball python constricts you.
You die...

.#.#.#.#.#..
...........# .
###.......#.##.#
#..............#
..#...>...#....
#...........
..#....)..## ###
#.......S@# ....
##.#.#.#.##.....
#.#..###.....
#............
#............
#............
####.###.....
#.####...?
#######.........


You could see a ball python.

Vanquished Creatures
  An endoplasm (D:1)
  A kobold (D:1)
  A rat (D:1)
3 creatures vanquished.

Notes
Turn   | Place    | Note
-------+----------+-------------------------------------------
     0 | D:1      | a11behringer the Gargoyle Fighter began the quest for the
                  | Orb.
     0 | D:1      | Reached XP level 1. HP: 14/14 MP: 1/1
    28 | D:1      | Constricted to death by a ball python

Illustrated notes

Levels and vault maps discovered:
D:1:      wander_arrival_fairy_ring, layout_basic,
          ebering_ecumenical_altar_mist, st_stairs_4

Action                   || total
-------------------------++-------
Melee: Flail             ||     5
Armor: Scale mail        ||     6
Dodge: Dodged            ||     5
Block: Buckler           ||     1

Table legend: (Time is in decaauts)
 A = Elapsed time spent in this place.
 B = Non-inter-level travel time spent in this place.
 C = Inter-level travel time spent in this place.
 D = Time resting spent in this place.
 E = Time spent auto-exploring this place.
 F = Levels seen in this place.
 G = Mean time per level.
                   A        B        C        D        E       F      G
               +--------+--------+--------+--------+--------+-----+--------+
         Total |     29 |     26 |      3 |      0 |     12 |   1 |   29.0 |
       Dungeon |     29 |     26 |      3 |      0 |     12 |   1 |   29.0 |
               +--------+--------+--------+--------+--------+-----+--------+

Top non-repeatable levels by time:
     D:1: 29 daAuts
